 Dungeon Crawl Stone Soup version 0.30.0-5-g1a98f26d00 (webtiles) character file.

Game seed: 17801504897099602022

1876 qeuew the Covert (level 8, 0/46 HPs)
             Began as a Spriggan Hunter on May 11, 2023.
             Slain by a water moccasin (7 damage)
             ... on level 7 of the Dungeon.
             The game lasted 00:08:29 (5555 turns).

qeuew the Covert (Spriggan Hunter)                  Turns: 5555, Time: 00:08:29

Health: 0/46       AC:  2    Str:  7    XL:     8   Next: 91%
Magic:  15/15      EV: 21    Int: 10    God:
Gold:   315        SH:  0    Dex: 21    Spells: 12/16 levels left

rFire   . . .        a - +0 shortbow
rCold   . . .        (shield currently unavailable)
rNeg    + . .        c - +0 robe
rPois   .            (helmet restricted)
rElec   .            (no cloak)
rCorr   .            (gloves unavailable)
SInv    +            (boots unavailable)
Will    ++...        (no amulet)
Stlth   ++++         l - +4 ring of slaying
HPRegen 0.27/turn    k - ring of positive energy
MPRegen 0.14/turn

%: no passive effects
@: lethally poisoned (0 -> -1), very quick
A: very small, no large weapons, unfitting armour, see invisible, speed 3,
strong-willed 1, robust 1, evolution 1
a: no special abilities


You were on level 7 of the Dungeon.
You visited 1 branch of the dungeon, and saw 7 of its levels.

You collected 315 gold pieces.

Inventory:

Hand Weapons
 a - a +0 shortbow (weapon)
Armour
 c - a +0 robe (worn)
Jewellery
 k - a ring of positive energy (right hand)
 l - a +4 ring of slaying (left hand)
Wands
 j - a wand of quicksilver (9)
Scrolls
 e - 4 scrolls of poison
 g - 3 scrolls of enchant armour
 i - a scroll of silence
 p - a scroll of blinking
 r - a scroll of fog
Potions
 d - 2 potions of cancellation
 f - 3 potions of brilliance
 m - 2 potions of mutation
 n - a potion of resistance


   Skills:
 + Level 3.7 Fighting
 * Level 7.1 Ranged Weapons
 + Level 6.0 Dodging
 * Level 9.1 Stealth
 + Level 4.5 Spellcasting
 + Level 5.2 Translocations


You had 12 spell levels left.
You knew the following spells:

 Your Spells              Type           Power      Damage    Failure   Level
a - Apportation           Tloc           24%        N/A       2%          1
b - Teleport Other        Tloc           12%        N/A       9%          3

Your spell library contained the following spells:

 Spells                   Type           Power      Damage    Failure   Level
 Blink                    Tloc           24%        N/A       4%          2
 Lesser Beckoning         Tloc           24%        N/A       4%          2
 Gell's Gravitas          Tloc           12%        N/A       9%          3
 Momentum Strike          Conj/Tloc      14%        3d8       12%         2
 Necrotise                Necr           8%         1d4       24%         1
 Slow                     Hex            8%         N/A       24%         1
 Summon Small Mammal      Summ           8%         N/A       24%         1
 Confusing Touch          Hex            2%         N/A       58%         3
 Vampiric Draining        Necr           2%         2d6       58%         3


Dungeon Overview and Level Annotations

Branches:
Dungeon (7/15)
 Temple: D:4-7

Altars:
Gozag
Okawaru
Qazlal
Ru
Uskayaw
Vehumet

Shops:
D:2 [


Innate Abilities, Weirdness & Mutations

You are very small and have problems with some larger weapons.
You are too small for most types of armour.
You have supernaturally acute eyesight. (SInv)
You cover ground extremely quickly. (Speed+++)
You are strong-willed. (Will+)
You are robust. (+10% HP)
You have hidden genetic potential.


Message History

A water moccasin is nearby!
You are too injured to fight recklessly!
You are too injured to fight recklessly!
A water moccasin is nearby!
You are too injured to fight recklessly!
A water moccasin is nearby!
Fire: a) +0 shortbow
Press: ? - help, Q - select action, (/) - cycle Shift-Dir - straight line, f/p - water moccasin
Aim: a water moccasin (lightly wounded, 56% to hit)
You shoot an arrow. The arrow hits the water moccasin!
The water moccasin is heavily wounded.
You feel sick. The water moccasin bites you.
Fire: a) +0 shortbow
Press: ? - help, Q - select action, (/) - cycle Shift-Dir - straight line, f/p - water moccasin
Aim: a water moccasin (heavily wounded, 56% to hit)
You shoot an arrow.
The arrow closely misses the water moccasin.
You feel sick. The water moccasin misses you.
The water moccasin completely misses you.
Fire: a) +0 shortbow
Press: ? - help, Q - select action, (/) - cycle Shift-Dir - straight line, f/p - water moccasin
Aim: a water moccasin (moderately wounded, 56% to hit)
You shoot an arrow.
The arrow closely misses the water moccasin.
You feel sick. The water moccasin closely misses you.
The water moccasin barely misses you.
Fire: a) +0 shortbow
Press: ? - help, Q - select action, (/) - cycle Shift-Dir - straight line, f/p - water moccasin
Aim: a water moccasin (moderately wounded, 56% to hit)
You shoot an arrow. The arrow hits the water moccasin!
The water moccasin is severely wounded.
You feel sick. The water moccasin bites you!
* * * LOW HITPOINT WARNING * * *
Fire: a) +0 shortbow
Press: ? - help, Q - select action, (/) - cycle Shift-Dir - straight line, f/p - water moccasin
Aim: a water moccasin (severely wounded, 56% to hit)
You shoot an arrow.
The arrow barely misses the water moccasin.
You feel sick. The water moccasin bites you!
You die...

### .######### ....
........... ###..####
#.######### ......S.#
#.# #@# #.# ## #.## #.#
.. #..#####.#
#.###.....#.#
#...(.....#.#########
+.........#..........
#..................##
............####..#####
............#....>.....


You could see a water moccasin.

Vanquished Creatures
  A sky beast (D:7)
  A black bear (D:4)
  An orc warrior (D:7)
  2 ice beasts
  An ogre (D:5)
  A centaur (D:6)
  A phantom (D:4)
  A kobold brigand (D:5)
  Blork the orc (D:4)
  4 scorpions
  A howler monkey (D:5)
  4 hounds
  3 jellies
  3 orc priests
  4 sleepcaps
  An orc wizard (D:7)
  3 iguanas
  Robin (D:2)
  7 adders
  2 white imps
  3 worms
  2 dart slugs
  22 orcs
  13 endoplasms
  4 giant cockroaches
  14 goblins
  11 hobgoblins
  13 kobolds
  3 quokkas
  11 ball pythons
  10 bats
  2 frilled lizards
  3 rats
154 creatures vanquished.

Vanquished Creatures (collateral kills)
  An iguana (D:5)
1 creature vanquished.

Grand Total: 155 creatures vanquished

Notes
Turn   | Place    | Note
-------+----------+-------------------------------------------
     0 | D:1      | qeuew the Spriggan Hunter began the quest for the Orb.
     0 | D:1      | Reached XP level 1. HP: 10/10 MP: 2/2
    64 | D:1      | Reached skill level 2 in Stealth
    87 | D:1      | Reached XP level 2. HP: 15/15 MP: 3/3
   444 | D:1      | Reached XP level 3. HP: 9/18 MP: 4/4
   700 | D:1      | Learned a level 1 spell: Apportation
   764 | D:2      | Reached skill level 3 in Stealth
   942 | D:2      | Noticed Robin
   965 | D:2      | Killed Robin
   966 | D:2      | Reached XP level 4. HP: 14/23 MP: 6/6
  1097 | D:2      | Reached skill level 1 in Spellcasting
  1250 | D:2      | Found a radiant altar of Vehumet.
  1462 | D:2      | Found Ramesin's Antique Armour Shop.
  1781 | D:3      | Identified the +3 trident of Bof Tit {venom, *Corrode Fly
                  | Dex+6 Stlth+}
  1813 | D:3      | Reached skill level 1 in Translocations
  1841 | D:3      | Noticed a scorpion
  1846 | D:3      | Killed a scorpion
  1847 | D:3      | Reached skill level 4 in Stealth
  1847 | D:3      | Reached XP level 5. HP: 7/26 MP: 6/8
  2693 | D:3      | Learned a level 3 spell: Teleport Other
  2720 | D:4      | Reached skill level 5 in Ranged Weapons
  2720 | D:4      | Noticed a phantom
  2733 | D:4      | Killed a phantom
  2734 | D:4      | Reached skill level 5 in Stealth
  2734 | D:4      | Reached XP level 6. HP: 26/32 MP: 8/10
  3411 | D:4      | Noticed Blork the orc
  3415 | D:4      | Killed Blork the orc
  3416 | D:4      | Reached XP level 7. HP: 35/35 MP: 11/11
  3528 | D:4      | Reached skill level 6 in Stealth
  3600 | D:5      | Entered Level 5 of the Dungeon
  3951 | D:5      | Found a stormy altar of Qazlal.
  3951 | D:5      | Found a sacrificial altar of Ru.
  3959 | D:5      | Found an opulent altar of Gozag.
  3961 | D:5      | Found an iron altar of Okawaru.
  3963 | D:5      | Found a hide-covered altar of Uskayaw.
  3997 | D:5      | Reached skill level 7 in Stealth
  4026 | D:5      | Reached skill level 5 in Dodging
  4054 | D:5      | Reached XP level 8. HP: 40/40 MP: 14/14
  4663 | D:6      | Reached skill level 8 in Stealth
  5205 | D:6      | Gained mutation: You have hidden genetic potential. [potion
                  | of mutation]
  5205 | D:6      | Gained mutation: You are robust. (+10% HP) [potion of
                  | mutation]
  5205 | D:6      | Gained mutation: You are strong-willed. (Will+) [potion of
                  | mutation]
  5250 | D:7      | Noticed a hornet
  5330 | D:7      | Reached skill level 9 in Stealth
  5330 | D:7      | Reached skill level 5 in Translocations
  5555 | D:7      | Slain by a water moccasin

Illustrated notes

Levels and vault maps discovered:
D:1:      lightli_arrival_statue_moat, layout_rooms, serial_bayou_pond_c,
          minivault_23, st_stairs_6, grunt_decor_cap, patterned_corridor
D:2:      layout_basic, serial_shops, nicolae_shop_behind_doors, basic_altar,
          uniq_robin
D:3:      layout_basic
D:4:      layout_basic, minmay_crystal_water, chequers_serial_rivers_large_b,
          minmay_distorted, uniq_blork_the_orc
D:5:      layout_gridville, chequers_temple_overflow_minitemple
D:6:      layout_cave_pools, abandoned_shop
D:7:      layout_basic, minmay_temple_entry_crystal_x, lemuel_flame_loot_1

Skill      XL: |  1  2  3  4  5  6  7  8 |
---------------+-------------------------+-----
Stealth        | 2 3 4 5 7 9 |  9.1
Dodging        | 3 4 5 6 |  6.0
Fighting       | 2 3 |  3.7
Spellcasting   | 1 2 3 4 |  4.5
Translocations | 1 2 3 5 |  5.2
Ranged Weapons | 5 6 7 |  7.1

Action                     |  1- 3 |  4- 6 |  7- 9 || total
---------------------------+-------+-------+-------++-------
   Fire: Shortbow          |   106 |   155 |   197 ||   458
    Use: Scroll            |     2 |     8 |     8 ||    18
         Potion            |     2 |     5 |     6 ||    13
 Armour: Robe              |    11 |     2 |     6 ||    19
  Dodge: Dodged            |    53 |    53 |   125 ||   231
